 Dungeon Crawl Stone Soup version 0.31-a0-121-g1e386dd289 (webtiles) character file.

Game seed: 2692618253014882621

181 night the Trooper (level 5, -3/33 HPs)
             Began as a Gargoyle Gladiator on May 31, 2023.
             Was an Initiate of Ashenzari.
             Slain by an orc
             ... wielding a +0 flail
              (7 damage)
             ... on level 3 of the Dungeon.
             The game lasted 00:05:27 (1855 turns).

night the Trooper (Gargoyle Gladiator)              Turns: 1855, Time: 00:05:28

Health: -3/33      AC:  9    Str: 17    XL:     5   Next: 61%
Magic:  5/5        EV: 13    Int:  9    God:    Ashenzari [......]
Gold:   91         SH:  0    Dex: 19    Spells: 4/4 levels left

rFire   . . .        a - +0 long sword
rCold   . . .        (no shield)
rNeg    + . .        b - +0 leather armour
rPois   ∞            c - +0 helmet
rElec   +            o - +0 cloak "Thunder Perfect Mind" {Bglg, Range} (curse)
rCorr   .            (no gloves)
SInv    +            (no boots)
Will    .....        (no amulet)
Stlth   +            q - ring of see invisible
HPRegen 0.25/turn    t - +6 ring of dexterity
MPRegen 0.09/turn

%: no passive effects
@: no status effects
A: sickness immunity, AC +4, negative energy resistance 1, electricity
resistance, torment resistance 1, petrification resistance
a: Renounce Religion, Curse Item, Shatter the Chains


You were on level 3 of the Dungeon.
You worshipped Ashenzari.
Ashenzari was noncommittal.
You visited 1 branch of the dungeon, and saw 3 of its levels.

You collected 91 gold pieces.

Inventory:

Hand Weapons
 a - a +0 long sword (weapon)
 g - a +2 whip of venom
 l - a +3 dagger
Missiles
 d - 3 throwing nets (quivered)
 e - a javelin
 h - 45 stones
 j - 10 poisoned darts
Armour
 b - a +0 leather armour (worn)
 c - a +0 helmet (worn)
 o - the cursed +0 cloak "Thunder Perfect Mind" (worn) {Bglg, Range}
   (You found it on level 1 of the Dungeon)

   It has a curse which improves the following skills: Beguiling: Conjurations,
   Hexes and Translocations.
   Ranged Combat: Ranged Weapons and Throwing.
Jewellery
 q - a ring of see invisible (left hand)
 t - a +6 ring of dexterity (right hand)
 v - a ring of positive energy
Scrolls
 m - 2 scrolls of fog {unknown}
 n - a scroll of blinking {unknown}
 p - 2 scrolls of identify {unknown}
 u - a scroll of enchant weapon {unknown}
 w - a scroll of poison {unknown}
Potions
 f - a potion of mutation {unknown}
 i - a potion of degeneration {unknown}
 k - a potion of enlightenment {unknown}
 r - a potion of magic {unknown}
 s - a potion of curing {unknown}


   Skills:
 + Level 4.2 Fighting
 + Level 4.0 Long Blades
 - Level 1.7(2.1) Throwing
 + Level 3.2 Dodging


You had 4 spell levels left.
You didn't know any spells.
Your spell library was empty.

Dungeon Overview and Level Annotations

Branches:
Dungeon (3/15)

Altars:
Ashenzari


Innate Abilities, Weirdness & Mutations

You are immune to sickness and miasma.
Your stone body is resilient. (AC +4)
You are immune to poison.
You resist negative energy. (rN+)
You are resistant to electric shocks. (rElec)
You are resistant to unholy torment.
You are immune to petrification.


Message History

You barely miss the orc. The orc barely misses you.
The orc hits you with a +0 flail!
You slash the orc priest!
The orc priest is heavily wounded.
The orc priest closely misses you. The orc hits you with a +0 flail.
The orc barely misses you. x2
The orc priest hits you but does no damage.
The orc barely misses you.
You hit the orc priest.
The orc priest is almost dead.
The orc misses you. The orc hits you with a +0 flail.
The orc priest invokes the aid of Beogh against you.
Pain shoots through your body!
You slash the orc priest!
You kill the orc priest!
The orc closely misses you. The orc hits you but does no damage.
Your Long Blades skill increases to level 4!
You barely miss the orc. The orc hits you with a +0 flail!
* * * LOW HITPOINT WARNING * * *
The orc closely misses you.
You are too injured to fight recklessly!
You are too injured to fight recklessly!
You are too injured to fight recklessly!
You are too injured to fight recklessly!
You are too injured to fight recklessly!
You are too injured to fight recklessly!
You are too injured to fight recklessly!
You are too injured to fight recklessly!
You are too injured to fight recklessly!
You closely miss the orc. The orc closely misses you. The orc misses you.
The orc barely misses you. The orc misses you.
You closely miss the orc. The orc barely misses you. x2
You closely miss the orc. The orc hits you with a +0 flail.
* * * LOW HITPOINT WARNING * * *
The orc hits you but does no damage. The orc attacks as you move away!
The orc hits you with a +0 flail.
* * * LOW HITPOINT WARNING * * *
The orc hits you but does no damage. The orc attacks as you move away!
The orc hits you with a +0 flail!
You die...

#.......##......<..~~~≈≈~~..
#.......##..........~≈≈≈≈~..
#..................##≈≈≈#...
####....##.#######.#≈≈≈##...
#....##.......).##≈≈# ..
#....############ ≈## #....#
## ####'#### #.$.@...#
#..)oo..# #..)....#
#.......# #.......#
#^......# #.......#
#.......# ####'####


You could see 2 orcs.

Vanquished Creatures
  2 orc priests (D:3)
  3 gnolls (D:3)
  2 adders (D:2)
  2 dart slugs
  6 orcs (D:3)
  5 endoplasms
  A giant cockroach (D:2)
  6 goblins
  10 hobgoblins
  A quokka (D:1)
  4 ball pythons
  5 bats
  3 frilled lizards
  8 kobolds
  7 rats
65 creatures vanquished.

Notes
Turn   | Place    | Note
-------+----------+-------------------------------------------
     0 | D:1      | night the Gargoyle Gladiator began the quest for the Orb.
     0 | D:1      | Reached XP level 1. HP: 12/12 MP: 1/1
    86 | D:1      | Reached XP level 2. HP: 11/18 MP: 2/2
   387 | D:1      | Reached XP level 3. HP: 23/23 MP: 3/3
   928 | D:2      | Found a faded altar of an unknown god.
   939 | D:2      | Prayed at the altar of an unknown god.
   939 | D:2      | Became a worshipper of Ashenzari the Shackled
  1102 | D:2      | Reached XP level 4. HP: 28/28 MP: 4/4
  1777 | D:3      | Reached XP level 5. HP: 21/33 MP: 5/5
  1854 | D:3      | HP: 4/33 [orc/+0 flail (1)]
  1855 | D:3      | Slain by an orc

Illustrated notes

Levels and vault maps discovered:
D:1:      lightli_arrival_chessboard, layout_loops_ring, kennysheep_another_room
D:2:      layout_rooms, ebering_ecumenical_altar_webs, corexii_shack,
          minmay_misc_feat_enclosed
D:3:      layout_basic, chequers_big_river

Skill      XL: |  1  2  3  4  5 |
---------------+----------------+-----
Long Blades    | 3 4 |  4.0
Fighting       | 3 4 |  4.2
Dodging        | 3 |  3.2
Throwing       | |  1.7

Action                     |  1- 3 |  4- 6 || total
---------------------------+-------+-------++-------
  Melee: Long sword        |   136 |    76 ||   212
 Invoke: Curse Item        |     1 |       ||     1
 Armour: Leather armour    |    78 |    27 ||   105
  Dodge: Dodged            |   104 |    44 ||   148

Table legend: (Time is in decaauts)
 A = Elapsed time spent in this place.
 B = Non-inter-level travel time spent in this place.
 C = Inter-level travel time spent in this place.
 D = Time resting spent in this place.
 E = Time spent auto-exploring this place.
 F = Levels seen in this place.
 G = Mean time per level.
                   A        B        C        D        E       F      G
               +--------+--------+--------+--------+--------+-----+--------+
         Total |   1903 |   1839 |     64 |      3 |   1317 |   3 |  634.3 |
       Dungeon |   1903 |   1839 |     64 |      3 |   1317 |   3 |  634.3 |
               +--------+--------+--------+--------+--------+-----+--------+

Top non-repeatable levels by time:
     D:1: 890 daAuts
     D:2: 570 daAuts
     D:3: 442 daAuts
